 Dungeon Crawl Stone Soup version 0.22-a0 (webtiles) character file.

1571 Lanoc the Geomancer (level 9, -5/57 HPs)
             Began as a Formicid Earth Elementalist on Dec 31, 2017.
             Slain by an orc warrior
             ... wielding a +0 dire flail
              (16 damage)
             ... on level 5 of the Dungeon.
             The game lasted 00:25:38 (6285 turns).

Lanoc the Geomancer (Formicid Earth Elementalist)   Turns: 6285, Time: 00:25:38

Health: -5/57      AC: 10    Str: 13    XL:     9   Next: 13%
Magic:  16/16      EV: 14    Int: 18    God:
Gold:   240        SH:  0    Dex: 16    Spells: 14/17 levels left

rFire    . . .     SeeInvis +   C - +9 spear "Somol" {protect, Dex+5}
rCold    . . .     Gourm    .   (no shield)
rNeg     . . .     Faith    .   c - +0 robe
rPois    .         Spirit   .   (helmet unavailable)
rElec    .         Reflect  .   (no cloak)
rCorr    .         Harm     .   r - +0 pair of gloves
MR       .....                  (no boots)
Stlth    +++.......             (no amulet)
HPRegen  0.19/turn              (no ring)
MPRegen  0.15/turn              (no ring)

@: protection aura
A: permanent stasis, dig shafts and tunnels, four strong arms, antennae 3
a: Dig, Shaft Self


You were on level 5 of the Dungeon.
You were hungry.

You visited 1 branch of the dungeon, and saw 6 of its levels.

You collected 240 gold pieces.

Inventory:

Hand Weapons
 g - a +0 dagger
 p - a +0 falchion
 C - the +9 spear "Somol" (weapon) {protect, Dex+5}
   (You found it on level 6 of the Dungeon)

   It protects the one who uses it against injury (+AC on strike).
   It affects your dexterity (+5).
Missiles
 b - 75 stones (quivered)
 t - 104 arrows
Armour
 c - a +0 robe (worn)
 r - a +0 pair of gloves (worn)
 z - a +3 leather armour of poison resistance
Jewellery
 A - an uncursed amulet of faith
Wands
 q - a wand of scattershot (4)
Scrolls
 f - 3 scrolls of teleportation {unknown}
 i - a scroll of enchant weapon {unknown}
 l - 2 scrolls of fear {unknown}
 v - a scroll of enchant armour {unknown}
 w - a scroll of immolation {unknown}
 y - a scroll of amnesia {unknown}
Potions
 a - 2 potions of heal wounds
 h - a potion of lignification
 j - 5 potions of curing
 m - a potion of agility
 n - a potion of might
 s - 2 potions of flight {unknown}
 B - 2 potions of mutation {unknown}
Books
 e - a book of Geomancy

   Spells                             Type                      Level
   a - Sandblast                      Earth                        1
   b - Passwall                       Transmutation/Earth          2
   c - Stone Arrow                    Conjuration/Earth            3
   d - Petrify                        Transmutation/Earth          4
   e - Lee's Rapid Deconstruction     Earth                        5
 o - a book of Changes

   Spells                             Type                      Level
   a - Beastly Appendage              Transmutation                1
   b - Sticks to Snakes               Transmutation                2
   c - Spider Form                    Transmutation/Poison         3
   d - Ice Form                       Ice/Transmutation            4
   e - Blade Hands                    Transmutation                5
Comestibles
 d - 8 rations
 x - 3 chunks of flesh


   Skills:
 + Level 1.4(2.4) Short Blades
 - Level 3.0(3.2) Long Blades
 + Level 4.3 Dodging
 + Level 6.3 Stealth
 + Level 4.9 Spellcasting
 - Level 1.1 Transmutations
 * Level 8.6 Earth Magic


You had 14 spell levels left.
You knew the following spells:

 Your Spells              Type           Power        Failure   Level  Hunger
a - Sandblast             Erth           #####.       1%          1    None
b - Passwall              Tmut/Erth      ###.......   2%          2    #......


Dungeon Overview and Level Annotations

Branches:
Dungeon (6/15)
 Temple: D:4-7

Altars:
Zin

Shops:
D:4 (

Annotations:
D:6 ZomBoFoB's ghost, novice DsCK


Innate Abilities, Weirdness & Mutations

You cannot be hasted, slowed, berserked, paralysed or teleported.
You can dig through walls and to a lower floor.
Your four strong arms can wield two-handed weapons with a shield.
You have a pair of large antennae on your head. (SInv)


Message History

You hit the orc warrior but do no damage.
The orc warrior is heavily wounded.
The orc warrior hits you with a dire flail!!
* * * LOW HITPOINT WARNING * * *
You are feeling hungry.
You hit the orc warrior.
Your weapon exudes an aura of protection.
The orc warrior is heavily wounded.
The orc warrior barely misses you.
You closely miss the orc warrior.
The orc warrior is heavily wounded.
The orc warrior hits you with a dire flail.
* * * LOW HITPOINT WARNING * * *
You puncture the orc warrior!
The orc warrior is almost dead.
The orc warrior closely misses you.
You closely miss the orc warrior.
The orc warrior is almost dead.
The orc warrior hits you with a dire flail!
You die...

########### #.....>...#
#.#######.# #)# #.# #.#
#.# #### #####.# ##.##
#...
#...#.######...######.##
#.....o@..............#
#...#.##.#.#...#####..#
##.##.##.#............#
#.##.##.####.######..#
#.##.##.####.# #..#
#.##.........# #..##
#.##.....##### #....
###########.##.....#
#....
#.....##..<..>.....######
#####


You could see an orc warrior.

Vanquished Creatures
  Duvessa (D:5)
  A sky beast (D:5)
  3 centaurs
  3 ogres
  Dowan (D:5)
  A scorpion (D:4)
  A crimson imp (D:6)
  3 orc wizards
  Ijyb (D:3)
  Natasha (thrice) (D:3)
  An iguana (D:6)
  7 worker ants
  2 hound skeletons (D:6)
  Robin (D:3)
  6 gnolls
  12 adders
  A howler monkey skeleton (D:5)
  A shadow imp (D:6)
  An ooze (D:1)
  An adder skeleton (D:5)
  3 worms
  4 dart slugs
  5 leopard geckos
  18 orcs
  9 bats
  6 giant cockroaches
  15 goblins
  11 hobgoblins
  4 jackals (D:5)
  6 kobolds
  A quokka (D:4)
  A ball python (D:3)
  8 frilled lizards
  A giant cockroach zombie (D:5)
  A leopard gecko skeleton (D:5)
  A quokka skeleton (D:4)
  3 rats (D:3)
148 creatures vanquished.

Notes
Turn   | Place    | Note
-------+----------+-------------------------------------------
     0 | D:1      | Lanoc the Formicid Earth Elementalist began the quest for the Orb.
     0 | D:1      | Reached XP level 1. HP: 13/13 MP: 3/3
    59 | D:1      | Reached skill level 4 in Earth Magic
    59 | D:1      | Reached XP level 2. HP: 19/19 MP: 1/5
   108 | D:1      | Reached XP level 3. HP: 15/24 MP: 2/6
   168 | D:1      | Learned a level 2 spell: Passwall
  1221 | D:2      | Reached XP level 4. HP: 30/30 MP: 7/7
  1520 | D:2      | Reached XP level 5. HP: 12/35 MP: 6/9
  1741 | D:2      | Reached skill level 5 in Earth Magic
  2733 | D:3      | Noticed Robin
  2755 | D:3      | Killed Robin
  2755 | D:3      | Reached XP level 6. HP: 33/41 MP: 0/10
  2961 | D:3      | Noticed Natasha
  2968 | D:3      | Killed Natasha
  3052 | D:3      | Noticed Natasha
  3056 | D:3      | Killed Natasha
  3105 | D:3      | Noticed Ijyb
  3117 | D:3      | Killed Ijyb
  3231 | D:3      | Noticed Natasha
  3239 | D:3      | Killed Natasha
  3239 | D:3      | Reached skill level 6 in Earth Magic
  3429 | D:3      | Found a glowing silver altar of Zin.
  3485 | D:4      | Reached skill level 1 in Long Blades
  3485 | D:4      | Reached XP level 7. HP: 38/46 MP: 10/12
  4427 | D:4      | Found Ubol's Antique Weapon Boutique.
  4493 | D:5      | Entered Level 5 of the Dungeon
  4497 | D:5      | Reached skill level 5 in Stealth
  4551 | D:5      | Reached skill level 7 in Earth Magic
  4551 | D:5      | Reached XP level 8. HP: 29/52 MP: 8/14
  5022 | D:5      | Noticed Duvessa
  5022 | D:5      | Noticed Dowan
  5048 | D:5      | Killed Duvessa
  5407 | D:5      | Killed Dowan
  5474 | D:5      | Reached skill level 8 in Earth Magic
  5840 | D:6      | Reached XP level 9. HP: 53/57 MP: 10/16
  5914 | D:6      | Reached skill level 1 in Short Blades
  5993 | D:6      | Got an encrusted spear
  5994 | D:6      | Identified the +9 spear "Somol" {protect, Dex+5} (You found it on level 6 of the Dungeon)
  6230 | D:6      | Noticed ZomBoFoB's ghost (novice DsCK)
  6285 | D:5      | Slain by an orc warrior

Vault maps used:
D:1:      doesnt_arrival_eight_statues, minmay_misc_feat_encased
D:3:      lemuel_round_altar, st_stairs_10, uniq_natasha, uniq_robin, uniq_ijyb
D:4:      serial_shops, shop, first_ration, minmay_misc_feat_columns
D:5:      minmay_misc_feat_roman, uniq_duvessa
D:6:      led_sif_pool, lemuel_coloured_pillars_altar, temple_statues,
          nicolae_benzene_ring

Skill      XL: |  1  2  3  4  5  6  7  8  9 |
---------------+----------------------------+-----
Dodging        | 2 3 4 |  4.3
Earth Magic    | 4 5 6 7 8 |  8.6
Stealth        | 3 4 5 6 |  6.3
Spellcasting   | 3 4 |  4.9
Long Blades    | 1 2 3 |  3.0
Short Blades   | 1 |  1.4
Transmutations | |  1.1

Action                   |  1- 3 |  4- 6 |  7- 9 || total
-------------------------+-------+-------+-------++-------
Melee: Unarmed           |     7 |       |       ||     7
       Dagger            |    42 |    90 |    32 ||   164
       Spear             |       |       |    29 ||    29
 Cast: Sandblast         |    15 |    77 |   109 ||   201
       Passwall          |       |     3 |     9 ||    12
  Use: Scroll            |       |       |     4 ||     4
 Stab: Sleeping          |     4 |    12 |     6 ||    22
  Eat: Chunk             |     1 |     8 |     8 ||    17
Armor: Robe              |     5 |    19 |    14 ||    38
Dodge: Dodged            |    24 |    63 |    72 ||   159

Table legend:
 A = Spawn XP
 B = Non-spawn XP
 C = Spawn XP percentage of total XP
 D = Spawn monster count
 E = Non-spawn monster count
 F = Spawn count percentage of total count
 G = Total turns spent on level
                    A         B        C        D         E        F      G
               +---------+---------+-------+---------+---------+-------+---------
         Total |       0 |    2245 |   0.0 |       0 |     148 |   0.0 |  6285
               +---------+---------+-------+---------+---------+-------+---------
           D:1 |       0 |      67 |   0.0 |       0 |      25 |   0.0 |  1220
           D:2 |       0 |     147 |   0.0 |       0 |      26 |   0.0 |  1424
           D:3 |       0 |     242 |   0.0 |       0 |      39 |   0.0 |   837
           D:4 |       0 |     404 |   0.0 |       0 |      17 |   0.0 |  1311
           D:5 |       0 |     952 |   0.0 |       0 |      28 |   0.0 |  1013
           D:6 |       0 |     433 |   0.0 |       0 |      13 |   0.0 |   480
               +---------+---------+-------+---------+---------+-------+---------
